TOP OF THE 1ST |
Clemson University Tigers batting - Pitching for Wichita State University Shockers : RHP Mark Fedor
|
Pitching: RHP Mark Fedor
|
|
Batting: LHB Nick Martin
|
0-0: Called Strike 0-1: Ground out 4-3 (Groundball, 4, EV 84.4 MPH)
|
Batting: LHB Pat Fontana
|
0-0: Called Strike 0-1: Called Strike 0-2: Ground out 6-3 (Groundball, 6, EV 93.8 MPH)
|
Batting: RHB Wes Reynolds
|
0-0: Ball 1-0: Ball 2-0: Reached on error, E5 (Groundball, 56, EV 83.1 MPH)
|
Batting: RHB Ryan Starks
|
0-0: Called Strike 0-1: Foul Ball, location: 2F 0-2: Foul Ball, location: 2F 0-2: Ball 1-2: Ball 2-2: Ball Wild Pitch! Wes Reynolds to third 3-2: Fly out, F9 (Flyball, 9D, EV 103.8 MPH)
|
Top of the 1st over - 0 runs, 0 hits, 1 error, 1 left on base; Clemson University 0 - Wichita State University 0 |
BOTTOM OF THE 1ST |
Wichita State University Shockers batting - Pitching for Clemson University Tigers : RHP Josh Blaschke
|
Pitching: RHP Josh Blaschke
|
|
Batting: RHB Jonathan Iniguez
|
0-0: Ball 1-0: Ball 2-0: Ball 3-0: Foul Ball, location: 2F 3-1: Base on Balls
|
Batting: SHB Nadhir Umayr
|
0-0: Ball 1-0: Ball Wild Pitch! Jonathan Iniguez to second 2-0: Called Strike 2-1: Ball 3-1: Base on Balls
|
Batting: RHB Zach Maguire
|
0-0: Ball 1-0: Fly out, F8 (Flyball, 8LM, EV 75.0 MPH)
|
Batting: RHB Kieron Clark
|
0-0: Ball 1-0: Foul Ball, location: 2F 1-1: Ball 2-1: Foul Ball, location: 2F 2-2: Ball 3-2: Foul Ball, location: 2F 3-2: Base on Balls Jonathan Iniguez to third Nadhir Umayr to second
|
Batting: LHB Steve LeGrand
|
0-0: Ball 1-0: Called Strike 1-1: Grounds into double play, 1-2-3 (Groundball, 15S, EV 72.5 MPH)
|
Bottom of the 1st over - 0 runs, 0 hits, 0 errors, 2 left on base; Clemson University 0 - Wichita State University 0 |
TOP OF THE 2ND |
Clemson University Tigers batting - Pitching for Wichita State University Shockers : RHP Mark Fedor
|
Batting: RHB Jaime Rios
|
0-0: Fly out, F7 (Flyball, 7S, EV 78.1 MPH)
|
Batting: SHB Ronnie Brooks
|
0-0: Swinging Strike 0-1: Ball 1-1: SINGLE (Line Drive, 5D, EV 98.1 MPH)
|
Batting: LHB Pablo Serrato
|
0-0: Ball 1-0: Foul Ball, location: 2F 1-1: Ball 2-1: Called Strike 2-2: Foul Ball, location: 2F 2-2: Strikes out swinging
|
Batting: LHB Ivan Castillo
|
0-0: SINGLE (Line Drive, 8LS, EV 108.1 MPH) Ronnie Brooks to second
|
Batting: RHB Ken Manser
|
0-0: Fielders Choice at 2nd, 6-4 (Groundball, 6, EV 105.6 MPH)
|
Top of the 2nd over - 0 runs, 2 hits, 0 errors, 2 left on base; Clemson University 0 - Wichita State University 0 |
BOTTOM OF THE 2ND |
Wichita State University Shockers batting - Pitching for Clemson University Tigers : RHP Josh Blaschke
|
Batting: RHB Taffounnout Kame
|
0-0: Called Strike 0-1: Foul Ball, location: 2F 0-2: Fly out, F8 (Flyball, 8RM, EV 86.2 MPH)
|
Batting: RHB Brad Brady
|
0-0: Foul Ball, location: 2F 0-1: SOLO HOME RUN (Flyball, 9LD, EV 97.5 MPH), Distance : 353 ft
|
Batting: SHB Houston Phillips
|
0-0: Ball 1-0: Ground out 5-3 (Groundball, 5, EV 80.0 MPH)
|
Batting: RHB Victor Ramirez
|
0-0: Called Strike 0-1: Foul Ball, location: 2F 0-2: Ground out 5-3 (Groundball, 56S, EV 66.9 MPH)
|
Bottom of the 2nd over - 1 run, 1 hit, 0 errors, 0 left on base; Clemson University 0 - Wichita State University 1 |
TOP OF THE 3RD |
Clemson University Tigers batting - Pitching for Wichita State University Shockers : RHP Mark Fedor
|
Batting: LHB Nick Martin
|
0-0: Ground out U3 (Groundball, 3L, EV 81.9 MPH)
|
Batting: LHB Pat Fontana
|
0-0: SINGLE (Flyball, 78S, EV 89.4 MPH)
|
Batting: RHB Wes Reynolds
|
0-0: Grounds into double play, 5-4-3 (Groundball, 56S, EV 81.9 MPH)
|
Top of the 3rd over - 0 runs, 1 hit, 0 errors, 0 left on base; Clemson University 0 - Wichita State University 1 |
BOTTOM OF THE 3RD |
Wichita State University Shockers batting - Pitching for Clemson University Tigers : RHP Josh Blaschke
|
Batting: RHB Jonathan Iniguez
|
0-0: Ball 1-0: Ball 2-0: Called Strike 2-1: Foul Ball, location: 2F 2-2: Ground out 6-3 (Groundball, 6, EV 85.0 MPH)
|
Batting: SHB Nadhir Umayr
|
0-0: SINGLE (Flyball, 89S, EV 86.9 MPH)
|
Batting: RHB Zach Maguire
|
0-0: Called Strike 0-1: Ball 1-1: Ball 2-1: Foul Ball, location: 2F 2-2: Strikes out looking
|
Batting: RHB Kieron Clark
|
0-0: Foul Ball, location: 2F 0-1: Ball 1-1: SINGLE (Groundball, 56D, EV 108.8 MPH) Nadhir Umayr to second
|
Batting: LHB Steve LeGrand
|
0-0: Swinging Strike 0-1: DOUBLE (Line Drive, 78M, EV 98.1 MPH) Nadhir Umayr scores Kieron Clark to third
|
Batting: RHB Taffounnout Kame
|
0-0: Ground out 5-3 (Groundball, 56S, EV 91.9 MPH)
|
Bottom of the 3rd over - 1 run, 3 hits, 0 errors, 2 left on base; Clemson University 0 - Wichita State University 2 |
TOP OF THE 4TH |
Clemson University Tigers batting - Pitching for Wichita State University Shockers : RHP Mark Fedor
|
Batting: RHB Ryan Starks
|
0-0: Ball 1-0: Ball 2-0: Foul Ball, location: 2F 2-1: Ball 3-1: Called Strike 3-2: SINGLE (Line Drive, 6D, EV 94.4 MPH)
|
Batting: RHB Jaime Rios
|
0-0: Ball 1-0: Ball 2-0: Swinging Strike 2-1: Ball 3-1: Fly out, F4 (Flyball, 4D, EV 88.8 MPH)
|
Batting: SHB Ronnie Brooks
|
0-0: Ball 1-0: Called Strike 1-1: Foul Ball, location: 2F 1-2: Fly out, F8 (Line Drive, 8RM, EV 87.5 MPH)
|
Batting: LHB Pablo Serrato
|
0-0: Called Strike 0-1: Fly out, F7 (Flyball, 7LM, EV 105.0 MPH)
|
Top of the 4th over - 0 runs, 1 hit, 0 errors, 1 left on base; Clemson University 0 - Wichita State University 2 |
BOTTOM OF THE 4TH |
Wichita State University Shockers batting - Pitching for Clemson University Tigers : RHP Josh Blaschke
|
Batting: RHB Brad Brady
|
0-0: Ball 1-0: Ball 2-0: Ball 3-0: Called Strike 3-1: DOUBLE (Line Drive, 78M, EV 86.9 MPH)
|
Batting: SHB Houston Phillips
|
0-0: Ball 1-0: Called Strike 1-1: Ground out 6-3 (Groundball, P, EV 88.8 MPH) Brad Brady to third
|
Batting: RHB Victor Ramirez
|
0-0: Called Strike 0-1: Ground out 1-3 (Groundball, 13S, EV 73.1 MPH)
|
Batting: RHB Jonathan Iniguez
|
0-0: Called Strike 0-1: Fly out, F9 (Flyball, 9LS, EV 81.2 MPH)
|
Bottom of the 4th over - 0 runs, 1 hit, 0 errors, 1 left on base; Clemson University 0 - Wichita State University 2 |
TOP OF THE 5TH |
Clemson University Tigers batting - Pitching for Wichita State University Shockers : RHP Mark Fedor
|
Batting: LHB Ivan Castillo
|
0-0: Called Strike 0-1: Ball 1-1: Ball 2-1: Called Strike 2-2: Fly out, F7 (Flyball, 78D, EV 98.8 MPH)
|
Batting: RHB Ken Manser
|
0-0: Ball 1-0: Ball 2-0: Called Strike 2-1: Called Strike 2-2: Fly out, F8 (Flyball, 8LS, EV 94.4 MPH)
|
Batting: LHB Nick Martin
|
0-0: Foul Ball, location: 2F 0-1: Ball 1-1: Ball 2-1: Ball 3-1: Base on Balls
|
Batting: LHB Pat Fontana
|
0-0: Ball 1-0: Ground out 5-3 (Groundball, 56S, EV 62.5 MPH)
|
Top of the 5th over - 0 runs, 0 hits, 0 errors, 1 left on base; Clemson University 0 - Wichita State University 2 |
BOTTOM OF THE 5TH |
Wichita State University Shockers batting - Pitching for Clemson University Tigers : RHP Josh Blaschke
|
Batting: SHB Nadhir Umayr
|
0-0: Ball 1-0: Swinging Strike 1-1: Ball 2-1: Ball 3-1: Base on Balls
|
Batting: RHB Zach Maguire
|
0-0: 2-RUN HOME RUN (Line Drive, 7LD, EV 93.1 MPH), Distance : 349 ft
|
Batting: RHB Kieron Clark
|
0-0: Called Strike 0-1: Ground out 6-3 (Groundball, 6, EV 83.1 MPH)
|
Batting: LHB Steve LeGrand
|
0-0: Called Strike 0-1: Ball 1-1: Ball 2-1: Ground out 6-3 (Groundball, 6, EV 86.2 MPH)
|
Batting: RHB Taffounnout Kame
|
0-0: Ground out 5-3 (Groundball, 56, EV 88.8 MPH)
|
Bottom of the 5th over - 2 runs, 1 hit, 0 errors, 0 left on base; Clemson University 0 - Wichita State University 4 |
TOP OF THE 6TH |
Clemson University Tigers batting - Pitching for Wichita State University Shockers : RHP Mark Fedor
|
Batting: RHB Wes Reynolds
|
0-0: Ball 1-0: Ground out 5-3 (Groundball, 56, EV 90.0 MPH)
|
Batting: RHB Ryan Starks
|
0-0: Fly out, F9 (Flyball, 9D, EV 93.1 MPH)
|
Batting: RHB Jaime Rios
|
0-0: Foul Ball, location: 2F 0-1: Ball 1-1: Fly out, F9 (Flyball, 9, EV 86.9 MPH)
|
Top of the 6th over - 0 runs, 0 hits, 0 errors, 0 left on base; Clemson University 0 - Wichita State University 4 |
BOTTOM OF THE 6TH |
Wichita State University Shockers batting - Pitching for Clemson University Tigers : RHP Josh Blaschke
|
Batting: RHB Brad Brady
|
0-0: Ball 1-0: Called Strike 1-1: Ground out 4-3 (Groundball, 4, EV 110.6 MPH)
|
Batting: SHB Houston Phillips
|
0-0: Foul Ball, location: 2F 0-1: Ball 1-1: Called Strike 1-2: Strikes out looking
|
Batting: RHB Victor Ramirez
|
0-0: Ball 1-0: Fly out, F8 (Flyball, 8RD, EV 90.6 MPH)
|
Bottom of the 6th over - 0 runs, 0 hits, 0 errors, 0 left on base; Clemson University 0 - Wichita State University 4 |
TOP OF THE 7TH |
Clemson University Tigers batting - Pitching for Wichita State University Shockers : RHP Mark Fedor
|
Batting: SHB Ronnie Brooks
|
0-0: Fly out, F9 (Flyball, 89M, EV 83.1 MPH)
|
Batting: LHB Pablo Serrato
|
0-0: Called Strike 0-1: Ball 1-1: Ball 2-1: Fly out, F7 (Line Drive, 7D, EV 91.9 MPH)
|
Pinch Hitting: LHB Jamie Spangenberg
|
0-0: Called Strike 0-1: Ball 1-1: Ground out 6-3 (Groundball, 56, EV 86.2 MPH)
|
Top of the 7th over - 0 runs, 0 hits, 0 errors, 0 left on base; Clemson University 0 - Wichita State University 4 |
BOTTOM OF THE 7TH |
Wichita State University Shockers batting - Pitching for Clemson University Tigers : RHP Josh Blaschke
|
Now at SS: Jamie Spangenberg
|
|
Batting: RHB Jonathan Iniguez
|
0-0: Foul Ball, location: 2F 0-1: Ground out 4-3 (Groundball, 4MS, EV 73.8 MPH)
|
Batting: SHB Nadhir Umayr
|
0-0: Swinging Strike 0-1: Ball 1-1: Ground out 4-3 (Groundball, 4, EV 82.5 MPH)
|
Batting: RHB Zach Maguire
|
0-0: Called Strike 0-1: Swinging Strike 0-2: Strikes out looking
|
Bottom of the 7th over - 0 runs, 0 hits, 0 errors, 0 left on base; Clemson University 0 - Wichita State University 4 |
TOP OF THE 8TH |
Clemson University Tigers batting - Pitching for Wichita State University Shockers : RHP Mark Fedor
|
Pitching: RHP Jeremy Delka
|
|
Batting: RHB Ken Manser
|
0-0: Foul Ball, location: 2F 0-1: Ball 1-1: Swinging Strike 1-2: Ball 2-2: Ball 3-2: Base on Balls
|
Batting: LHB Nick Martin
|
0-0: Ball Wild Pitch! Ken Manser to second 1-0: Swinging Strike 1-1: Swinging Strike 1-2: Ball 2-2: Strikes out swinging
|
Batting: LHB Pat Fontana
|
0-0: Ball 1-0: SINGLE (Line Drive, 78M, EV 100.0 MPH) Ken Manser to third
|
Batting: RHB Wes Reynolds
|
0-0: Ball 1-0: Ball 2-0: Fielders Choice at 2nd, 5-4 (Groundball, 56, EV 91.2 MPH) Ken Manser scores
|
Batting: RHB Ryan Starks
|
0-0: SINGLE (Line Drive, 4MD, EV 94.4 MPH) Wes Reynolds to second
|
Batting: RHB Jaime Rios
|
0-0: Ball 1-0: Ball 2-0: Ball 3-0: Base on Balls Wes Reynolds to third Ryan Starks to second
|
Pitching: RHP Franklin Vazquez
|
|
Batting: SHB Ronnie Brooks
|
0-0: Ball 1-0: DOUBLE (Line Drive, 7D, EV 104.4 MPH) Wes Reynolds scores Ryan Starks scores Jaime Rios to third Runner from 3rd tries for Home, SAFE, throw by LF to trailing runner, OUT at third! 7-3-5
|
Top of the 8th over - 4 runs, 3 hits, 0 errors, 0 left on base; Clemson University 4 - Wichita State University 4 |
BOTTOM OF THE 8TH |
Wichita State University Shockers batting - Pitching for Clemson University Tigers : RHP Josh Blaschke
|
Batting: RHB Kieron Clark
|
0-0: Called Strike 0-1: Ball 1-1: Ball 2-1: Called Strike 2-2: Ball 3-2: Base on Balls
|
Batting: LHB Steve LeGrand
|
0-0: Ball 1-0: Fly out, F4 (Line Drive, 4, EV 66.2 MPH)
|
Batting: RHB Taffounnout Kame
|
0-0: Ball 1-0: Ball 2-0: Swinging Strike 2-1: Foul Ball, location: 2F 2-2: Fly out, F5 (Popup, 56, EV 76.9 MPH)
|
Pitching: RHP Jon Wernli
|
|
Pinch Hitting: LHB Sam Williams
|
0-0: Ball 1-0: Ball 2-0: Ball 3-0: Called Strike 3-1: Swinging Strike 3-2: Foul Ball, location: 2F 3-2: 2-RUN HOME RUN (Flyball, 7D, EV 96.2 MPH), Distance : 383 ft
|
Batting: SHB Houston Phillips
|
0-0: Ball 1-0: Called Strike 1-1: Foul Ball, location: 2F 1-2: Ball 2-2: SINGLE (Groundball, 34D, EV 95.0 MPH)
|
Batting: RHB Victor Ramirez
|
0-0: Ball 1-0: Ball 2-0: Called Strike 2-1: SINGLE (Groundball, 56D, EV 90.6 MPH) (infield hit) Houston Phillips to second
|
Batting: RHB Jonathan Iniguez
|
0-0: Ball 1-0: Called Strike 1-1: Called Strike 1-2: Ball 2-2: Ground out 4-3 (Groundball, 4, EV 76.9 MPH)
|
Bottom of the 8th over - 2 runs, 3 hits, 0 errors, 2 left on base; Clemson University 4 - Wichita State University 6 |
TOP OF THE 9TH |
Clemson University Tigers batting - Pitching for Wichita State University Shockers : RHP Franklin Vazquez
|
Pitching: LHP Dzintars Balodis
|
|
Now at 3B: Alex Campos
|
|
Batting: LHB Pablo Serrato
|
0-0: Swinging Strike 0-1: Foul Ball, location: 2F 0-2: Strikes out swinging, 2-3 out at first.
|
Pinch Hitting: RHB Leo Candelas
|
0-0: Ground out 6-3 (Groundball, 6, EV 88.1 MPH)
|
Batting: RHB Ken Manser
|
0-0: Ball 1-0: Swinging Strike 1-1: Called Strike 1-2: Strikes out looking
|
Top of the 9th over - 0 runs, 0 hits, 0 errors, 0 left on base; Clemson University 4 - Wichita State University 6 |
|